 Dungeon Crawl Stone Soup version 0.28.0 (webtiles) character file.

Game seed: 8396663885130201616

7 petepat the Covered (level 1, -11/20 HPs)
             Began as a Minotaur Fighter on Feb 6, 2022.
             Killed by an exploding kobold (31 damage)
             ... ignited by their inner flame
             ... on level 1 of the Dungeon on Feb 15, 2022.
             The game lasted 00:12:18 (362 turns).

petepat the Covered (Minotaur Fighter)               Turns: 362, Time: 00:12:23

Health: -11/20     AC:  7    Str: 20    XL:     1   Next: 91%
Magic:  0/0        EV:  9    Int:  5    God:
Gold:   23         SH:  4    Dex:  9    Spells: 0/0 levels left

rFire   . . .      SeeInvis .   a - +0 war axe
rCold   . . .      Faith    .   c - +0 buckler
rNeg    . . .      Spirit   .   b - +0 scale mail
rPois   .          Reflect  .   (helmet restricted)
rElec   .          Harm     .   (no cloak)
rCorr   .          Rampage  .   (no gloves)
Will    .....                   (no boots)
Stlth   ..........              (no amulet)
HPRegen 0.06/turn               (no ring)
MPRegen 0.07/turn               (no ring)

@: no status effects
A: horns 2, retaliatory headbutt
a: no special abilities


You were on level 1 of the Dungeon.
You visited 1 branch of the dungeon, and saw 1 of its levels.

You collected 23 gold pieces.

Inventory:

Hand Weapons
 a - a +0 war axe (weapon)
 e - a +0 short sword
 i - a +0 mace
Missiles
 d - 33 bolts
 f - a stone (quivered)
Armour
 b - a +0 scale mail (worn)
 c - a +0 buckler (worn)
 h - a +0 leather armour
Potions
 g - 2 potions of heal wounds {unknown}


   Skills:
 + Level 3.8 Fighting
 + Level 2.5 Axes
 + Level 3.9 Armour
 + Level 3.8 Shields


You couldn't memorise any spells.
You didn't know any spells.
Your spell library was empty.

Dungeon Overview and Level Annotations

Branches:
Dungeon (1/15)

Altars:


Innate Abilities, Weirdness & Mutations

You have a pair of horns on your head.
You reflexively headbutt those who attack you in melee.


Message History

Found a scroll labelled UROMAF LUDEID.
Found 20 stones.
j - a scroll labelled UROMAF LUDEID
As you read the scroll labelled UROMAF LUDEID, it crumbles to dust.
You feel strangely unstable.
It was a scroll of teleportation.
Your surroundings suddenly seem different.
An endoplasm comes into view.
The endoplasm quivers.
An endoplasm is nearby!
You hit the endoplasm.
The endoplasm is heavily wounded.
The endoplasm hits you. You block the endoplasm's attack.
You hit the endoplasm but do no damage.
The endoplasm is heavily wounded.
The endoplasm misses you.
You slash the endoplasm!
You kill the endoplasm!
HP restored.
A bat comes into view.
The bat hits you but does no damage.
You slash the bat!
You kill the bat!
A kobold comes into view. It is wielding a +0 whip.
The kobold throws a stone.
The stone barely misses you.
You see here a scroll labelled RUMEEC ZOETE.
Unknown command.
You see here a scroll labelled RUMEEC ZOETE.
As you read the scroll labelled RUMEEC ZOETE, it crumbles to dust.
The creatures around you are filled with an inner flame!
It was a scroll of immolation.
The kobold barely misses you. You furiously retaliate!
You headbutt the kobold, but do no damage.
You barely miss the kobold. The kobold closely misses you.
You furiously retaliate!
You headbutt the kobold.
Flame seeps out of the kobold.
The kobold is engulfed in blazing flames.
The kobold explodes!
The fiery explosion engulfs you!!
Ouch! That really hurt!
You die...

......#.......#.##..
........#####.#.#8..
.......# #.#.##..
#.....# #.#.##..
#.....# #.#. #..
#####.....# #.#.#8..
#.........#####.# ##..
#..§§...........#####8
#...○@.......#....# ##
#...§#######.##.######
#.... #.#........
#....#######.#..######
#....#................
#....#.#####.######.##
#....#.# #.# #....#.#
#.# #.# #.#


There were no monsters in sight!

Vanquished Creatures
  A ball python (D:1)
  An endoplasm (D:1)
  2 kobolds (D:1)
  A quokka (D:1)
  2 bats (D:1)
  A frilled lizard (D:1)
8 creatures vanquished.

Notes
Turn   | Place    | Note
-------+----------+-------------------------------------------
     0 | D:1      | petepat the Minotaur Fighter began the quest for the Orb.
     0 | D:1      | Reached XP level 1. HP: 19/19 MP: 0/0
   260 | D:1      | Found a faded altar of an unknown god.
   362 | D:1      | Killed by an exploding kobold... ignited by their inner
                  | flame

Illustrated notes

Levels and vault maps discovered:
D:1:      minmay_arrival_cross, layout_basic, serial_corexii_hall,
          corexii_hall_statues_u, chequers_hall_statues_y,
          chequers_ecumenical_altar_twisty

Action                   || total
-------------------------++-------
Melee: War axe           ||    12
  Use: Scroll            ||     2
       Potion            ||     1
Armor: Scale mail        ||     4
Dodge: Dodged            ||     8
Block: Buckler           ||     4
